woodfighter, chaotic female human Cavewoman ----- |...-### |...| d |...| #@h |..^| %hGk |<..| .kh..k ----- ------- woodfighter the Young Cave Woman Experience level: 6 Strength: 18/04 Dexterity: 12 Constitution: 18 Intelligence: 9 Wisdom: 7 Charisma: 7 Health: 0(59) Energy: 23(23) Def: 3 Gold: 438 Moves: 2149 Dungeon seed: AXDe0l9hbAlBNzy4 Game ID: woodfighter_1557603004 Your Inventory: Coins $ - 438 gold pieces Amulets L - an uncursed amulet versus poison Weapons a - a +1 club (weapon in hand) b - a +2 sling (alternate weapon; not wielded) Armor n - an uncursed +0 helmet (being worn) q - an uncursed +0 leather armor (being worn) r - a cursed -2 pair of fumble boots G - an uncursed +0 dwarvish cloak K - a blessed +2 pair of iron shoes Comestibles f - an uncursed sprig of wolfsbane C - 2 uncursed lichen corpses Scrolls d - 2 uncursed scrolls of identify g - an uncursed scroll of magic mapping p - a blessed scroll of enchant armor s - 2 uncursed scrolls of gold detection t - an uncursed scroll of teleportation u - 2 uncursed scrolls of charging E - 2 uncursed scrolls of blank paper Potions c - 4 uncursed potions of hallucination j - an uncursed potion of restore ability w - 2 uncursed potions of see invisible D - an uncursed potion of sickness Rings F - an uncursed ring of poison resistance Wands k - a cursed wand of undead turning (0:8) o - a wand of sleep (0:5) H - a wand of striking (0:8) Tools W - an uncursed towel Gems e - 5 uncursed flints (in quiver) y - an uncursed jade z - an uncursed worthless piece of blue glass I - an uncursed luckstone N - an uncursed worthless piece of red glass Y - an uncursed opal Spells and supernatural/magical abilities: Name Level Category Fail Memory W - pray for help -- divine ? -- Your skills at the end: Miscellaneous Skills bare handed combat [Basic] Weapon Skills club [Basic] sling [Basic] Spellcasting Skills Final Attributes: You were piously aligned. You had wounded legs. You were somewhat stealthy. You were lucky. You had extra luck. Bad luck did not time out for you. Good luck did not time out for you. You are dead. Vanquished creatures: 4 bugbears a rock piercer a gnomish wizard a paper golem a floating eye a dwarf a kobold lord a kobold shaman an iguana a hill orc a jitterbug a gas spore a hobbit an acid blob a gecko 4 hobgoblins a giant rat a cave spider a gnome 11 manes a gnome zombie 7 jackals a fox 2 newts 4 goblins 3 grid bugs 4 bats 5 lichens 63 creatures vanquished. Voluntary challenges: You did not adorn yourself with jewelry or accessories. You did not cause conflict. You were not invisible. You did not have reflection. You were not displaced. You used a wielded weapon 71 times, starting on turn 120. You did not apply a unicorn horn. You did not use plumbed fixtures. You did not drink any magical draughts. You were illiterate. You never genocided any monsters. You never polymorphed an object. You never changed form. You used no wishes. You never split a pudding. You never wrote Elbereth's name. You never violated your personal moral code. Dungeon overview: The Dungeons of Doom: levels 1 to 6 Level 1 a long staircase Level 2 a sink stairs to The Gnomish Mines Level 3 an altar to Ishtar Level 4 (water) Level 5 many fountains Level 6 <- You were here The Gnomish Mines: Level 3 stairs to The Dungeons of Doom History has recorded: On T:1 you entered the Dungeons of Doom to retrieve the Amulet of Yendor! On T:148 you reached level 2 of The Dungeons of Doom. On T:341 you reached level 3 of The Dungeons of Doom. On T:539 you reached level 1 of The Gnomish Mines. On T:576 you advanced to experience level 2. On T:996 you advanced to experience level 3. On T:1157 you reached level 4 of The Dungeons of Doom. On T:1224 you prayed to Anshar. On T:1444 you reached level 5 of The Dungeons of Doom. On T:1582 you advanced to experience level 4. On T:1727 you reached level 6 of The Dungeons of Doom. On T:1926 you advanced to experience level 5. On T:2148 you advanced to experience level 6. Score breakdown: Gold: 438 ( 43 points) Experience: 6 levels ( 500 points) Exploration: 6 levels ( 150 points) Discoveries: 26 items ( 1300 points) Variety of kills: 28 monsters ( 1400 points) Major goal: (nothing yet) ( 0 points) Survival: died (score multiplied by 3) Total score: 10179 Latest messages: The bugbear wields a crude dagger! You kill the bugbear! You kill the gnome! The bugbear picks up a crude dagger. You hit the bugbear! The bugbear wields a crude dagger! You kill the bugbear! The hobgoblin picks up a crude dagger. You kill the hobgoblin! The bugbear picks up a curved sword. You hit the bugbear! (2x) The bugbear zaps a tin wand! The magic missile hits you! The magic missile hits doggy! The magic missile bounces! The magic missile hits doggy! The magic missile hits you! You kill the bugbear! Welcome to experience level 6. The bugbear picks up a wand of magic missile. You hit the bugbear! The bugbear zaps a wand of magic missile! The magic missile hits you! You hear the howling of the CwnAnnwn... The magic missile bounces! The magic missile hits you! You die... Final status: Goodbye woodfighter the Cavewoman, killed by a magic missile... You died in The Dungeons of Doom on dungeon level 6 with 10179 points, and 438 pieces of gold, after 2149 moves. You were level 6 with a maximum of 59 hit points when you died.